 Dungeon Crawl Stone Soup version 0.28-a0-1159-g27aa881441 (webtiles) character file.

Game seed: 6729738235459912592

6 ders the Caller (level 1, 0/7 HPs)
             Began as a Felid Summoner on Dec 15, 2021.
             Slain by a quokka (2 damage)
             ... on level 1 of the Dungeon.
             The game lasted 00:01:03 (623 turns).

ders the Caller (Felid Summoner)                     Turns: 623, Time: 00:01:03

Health: 0/7        AC:  1    Str:  4    XL:     1   Next: 75%
Magic:  0/4        EV: 17    Int: 16    God:
Gold:   0          SH:  0    Dex: 16    Spells: 3/4 levels left
                                        Lives:  0   Deaths: 0

rFire   . . .      SeeInvis +   (weapon unavailable)
rCold   . . .      Faith    .   (shield unavailable)
rNeg    . . .      Spirit   .   (armour unavailable)
rPois   .          Reflect  .   (helmet unavailable)
rElec   .          Harm     .   (cloak unavailable)
rCorr   .          Rampage  .   (gloves unavailable)
Will    .....                   (boots unavailable)
Stlth   ++........              (no amulet)
HPRegen 0.02/turn               (no ring)
MPRegen 0.09/turn               (no ring)

@: quick
A: very small, claws 1, fangs 3, see invisible, speed 1, shaggy fur 1, stealthy
paws, no weapons or thrown items, no armour, multi-lived
a: no special abilities


You were on level 1 of the Dungeon.
You visited 1 branch of the dungeon, and saw 1 of its levels.

You aren't carrying anything.


   Skills:
 + Level 2.9 Dodging
 + Level 2.9 Stealth
 + Level 2.1 Spellcasting
 + Level 4.1 Summonings


You had 3 spell levels left.
You knew the following spells:

 Your Spells              Type           Power      Damage    Failure   Level
a - Summon Small Mammal   Summ           56%        N/A       3%          1

Your spell library contained the following spells:

 Spells                   Type           Power      Damage    Failure   Level
 Call Imp                 Summ           14%        N/A       6%          2
 Call Canine Familiar     Summ           14%        N/A       12%         3
 Summon Guardian Golem    Hex/Summ       8%         N/A       26%         3
 Conjure Flame            Conj/Fire      1%         6-21      52%         3
 Ignite Poison            Fire/Tmut/Pois 1%         N/A       52%         3
 Summon Lightning Spire   Summ/Air       8%         N/A       65%         4
 Sticky Flame             Conj/Fire      1%         2d3       90%         4


Dungeon Overview and Level Annotations

Branches:
Dungeon (1/15)

Altars:


Innate Abilities, Weirdness & Mutations

You have sharp claws.
You have razor-sharp teeth.
You have supernaturally acute eyesight. (SInv)
You cover ground quickly. (Speed+)
You are covered in fur. (AC +1)
Your paws help you pounce on unaware monsters.
You are incapable of wielding weapons or throwing items.
You cannot wear armour.
You gain extra lives every three experience levels.


Message History

Your quokka barely misses the kobold.
The quokka bites your quokka.
Your quokka dies!
Your quokka's corpse disappears in a puff of smoke!
The kobold hits your quokka with a +0 short sword.
The quokka bites your quokka.
Your quokka closely misses the kobold.
The kobold completely misses your quokka.
The quokka barely misses your quokka.
Your quokka barely misses the kobold.
The kobold hits your quokka with a +0 short sword.
Your quokka dies!
Your quokka's corpse disappears in a puff of smoke!
The quokka completely misses you.
Casting: Summon Small Mammal (safe; 3% risk of failure)
Confirm with . or Enter, or press ? or * to list all spells.
The quokka bites you. The quokka closely misses you.
Unknown command.
You swap places.
The quokka barely misses your quokka.
Your quokka closely misses the quokka.
The quokka bites your quokka.
Your quokka barely misses the quokka.
Casting: Summon Small Mammal (safe; 3% risk of failure)
Confirm with . or Enter, or press ? or * to list all spells.
The quokka closely misses your quokka.
Your quokka misses the quokka. The quokka bites your quokka.
Your quokka dies!
Your quokka's corpse disappears in a puff of smoke!
Unknown command.
You swap places.
Your bat closely misses the quokka.
The quokka bites your bat.
Unknown command.
Your bat barely misses the quokka.
The kobold closely misses your bat.
Casting: Summon Small Mammal (safe; 3% risk of failure)
Confirm with . or Enter, or press ? or * to list all spells.
The quokka bites you.
The kobold hits your bat with a +0 short sword.
Your bat closely misses the kobold.
The quokka bites you.
* * * LOW HITPOINT WARNING * * *
Your bat barely misses the kobold.
Your bat completely misses the kobold.
The kobold barely misses your bat. The quokka bites you.
You die...

.. #.#.#
#.###.# .#
#.....# ...#
####.## #.#
#K# .# #b###
#.# #..r# #.#
###r# #.#
#######@####.#
.............#
##......###..#
#.###### #..#
# #..######
#.......#
##.#####.#
######...##
##......#..#


You could see a quokka (ally target), a kobold (ally target), a friendly bat
(summoned) and a friendly rat (summoned).

Vanquished Creatures
  A ball python (D:1)
  A bat (D:1)
  A goblin (D:1)
3 creatures vanquished.

Vanquished Creatures (collateral kills)
  A dart slug (D:1)
  A rat (D:1)
2 creatures vanquished.

Grand Total: 5 creatures vanquished

Notes
Turn   | Place    | Note
-------+----------+-------------------------------------------
     0 | D:1      | ders the Felid Summoner began the quest for the Orb.
     0 | D:1      | Reached XP level 1. HP: 7/7 MP: 4/4
   623 | D:1      | Slain by a quokka

Illustrated notes

Levels and vault maps discovered:
D:1:      lightli_arrival_statuegarden, layout_loops_ring, serial_shops,
          nicolae_shop_statue_plus

Action                   || total
-------------------------++-------
Melee: Unarmed           ||     6
 Cast: Summon Small Mamm ||    25
Armor: Skin              ||     1
Dodge: Dodged            ||    16

Table legend: (Time is in decaauts)
 A = Elapsed time spent in this place.
 B = Non-inter-level travel time spent in this place.
 C = Inter-level travel time spent in this place.
 D = Time resting spent in this place.
 E = Time spent auto-exploring this place.
 F = Levels seen in this place.
 G = Mean time per level.
                   A        B        C        D        E       F      G
               +--------+--------+--------+--------+--------+-----+--------+
         Total |    593 |    588 |      5 |     24 |    456 |   1 |  593.0 |
       Dungeon |    593 |    588 |      5 |     24 |    456 |   1 |  593.0 |
               +--------+--------+--------+--------+--------+-----+--------+

Top non-repeatable levels by time:
     D:1: 593 daAuts
